 Dungeon Crawl Stone Soup version 0.31-a0-446-g07c4bd200f (webtiles) character file.

Game seed: 6076202303288877848

40106 GordonOverkill the Destroyer (level 14, 0/93 HPs)
             Began as an Octopode Delver on Aug 3, 2023.
             Was a High Priest of Sif Muna.
             Slain by a death yak (16 damage)
             ... on level 5 of the Lair of Beasts on Aug 4, 2023.
             The game lasted 01:34:30 (30887 turns).

GordonOverkill the Destroyer (Octopode Delver)     Turns: 30887, Time: 01:34:31

Health: 0/93       AC:  7    Str: 12    XL:     14   Next: 9%
Magic:  4/28       EV: 12    Int: 16    God:    Sif Muna [*****.]
Gold:   911        SH:  6    Dex: 12    Spells: 12/33 levels left

rFire   + . .        a - +1 dagger (venom)
rCold   + . .        R - +1 buckler {rC+}
rNeg    . . .        (helmet restricted)
rPois   .            (no amulet)
rElec   .            G - ring of protection from fire
rCorr   .            J - +4 ring of protection
SInv    .            B - ring of willpower
Will    ++...        (no ring)
Stlth   ++           (no ring)
HPRegen 0.35/turn    (no ring)
MPRegen 0.21/turn    (no ring)
                     (no ring)

%: no passive effects
@: contaminated, glowing
A: almost no armour, amphibious, 8 rings, camouflage 1, gelatinous body 1,
(nimble swimmer 1), tentacles, iridescent scales 1, clumsy 1
a: Renounce Religion, Channel Magic, Forget Spell, Divine Exegesis


You were on level 5 of the Lair of Beasts.
You worshipped Sif Muna.
Sif Muna was extremely pleased with you.
You visited 3 branches of the dungeon, and saw 18 of its levels.
You also visited: Ice Cave.

You collected 1161 gold pieces.
You spent 250 gold pieces at shops.

Inventory:

Hand Weapons
 a - a +1 dagger of venom (weapon)
 b - a +0 sling
 i - a +0 dagger
 o - a +0 short sword
 C - a +2 dagger of flaming
Missiles
 d - 8 boomerangs
 v - 6 curare-tipped darts
 D - 6 poisoned darts (quivered)
 Q - 4 silver javelins
Armour
 R - a +1 buckler of cold resistance (worn)
Magical Staves
 M - a staff of cold
Jewellery
 n - a ring of fire
 B - a ring of willpower (on tentacle)
 G - a ring of protection from fire (left tentacle)
 J - a +4 ring of protection (right tentacle)
Wands
 f - a wand of flame (17)
 h - a wand of charming (8)
 y - a wand of roots (1)
 L - a wand of digging (4)
 O - a wand of mindburst (3)
Scrolls
 c - 3 scrolls of revelation
 e - 3 scrolls of enchant armour
 g - 3 scrolls of fog
 k - 3 scrolls of amnesia
 m - 2 scrolls of enchant weapon
 q - 2 scrolls of silence
 w - a scroll of summoning {unknown}
 A - 2 scrolls of immolation
 E - 2 scrolls of poison {unknown}
 N - 2 scrolls of teleportation
 P - a scroll of blinking {unknown}
 S - a scroll of identify
Potions
 l - a potion of might
 p - 3 potions of mutation
 r - a potion of haste
 s - 2 potions of enlightenment
 t - 4 potions of brilliance
 x - 5 potions of lignification
 z - a potion of cancellation
 H - 2 potions of curing
 I - a potion of invisibility
Miscellaneous
 j - a lightning rod (4/4)
 F - a phial of floods
 K - a tin of tremorstones (1/2)


   Skills:
 - Level 7.9 Fighting
 - Level 3.0 Short Blades
 - Level 2.0 Throwing
 - Level 2.0 Dodging
 - Level 7.0 Stealth
 + Level 6.0 Shields
 - Level 10.4 Spellcasting
 - Level 12.4 Conjurations
 - Level 10.0 Transmutations
 - Level 3.0 Fire Magic
 + Level 5.2 Ice Magic
 - Level 3.0 Air Magic
 - Level 5.0 Earth Magic
 - Level 5.6 Evocations


You had 12 spell levels left.
You knew the following spells:

 Your Spells              Type           Power      Damage    Failure   Level
a - Stone Arrow           Conj/Erth      72%        3d11      1%          3
b - Irradiate             Conj/Tmut      22%        3d19      3%          5
c - Passwall              Tmut/Erth      26%        N/A       1%          2
d - Apportation           Tloc           16%        N/A       12%         1
e - Iskenderun's Battles  Conj           48%        2d10      1%          5
f - Freezing Cloud        Conj/Ice/Air   15%        6-21      19%         5

Your spell library contained the following spells:

 Spells                   Type           Power      Damage    Failure   Level
 Foxfire                  Conj/Fire      100%       2x1d9     1%          1
 Freeze                   Ice            100%       1d10      1%          1
 Sandblast                Erth           48%        2d12      1%          1
 Sting                    Tmut/Pois      96%        1d7       1%          1
 Wereblood                Tmut           40%        N/A       1%          2
 Dazzling Flash           Conj/Hex       56%        N/A       2%          3
 Petrify                  Tmut/Erth      32%        N/A       5%          4
 Ensorcelled Hibernation  Hex/Ice        32%        N/A       6%          2
 Fulminant Prism          Conj/Hex       14%        3d8       9%          4
 Iskenderun's Mystic Bla  Conj/Tloc      28%        2d7       9%          4
 Poisonous Vapours        Pois/Air       26%        N/A       10%         2
 Sublimation of Blood     Necr           8%         N/A       17%         2
 Inner Flame              Hex/Fire       13%        N/A       19%         3
 Call Canine Familiar     Summ           8%         N/A       34%         3
 Portal Projectile        Hex/Tloc       16%        N/A       34%         3
 Tukima's Dance           Hex            8%         N/A       34%         3
 Leda's Liquefaction      Hex/Erth       8%         N/A       38%         4
 Alistair's Intoxication  Tmut/Pois      16%        N/A       38%         5
 Leda's Unmaking          Conj/Erth      18%        9d4       43%         6
 Starburst                Conj/Fire      16%        6d6       58%         6
 Metabolic Englaciation   Hex/Ice        8%         N/A       71%         5
 Olgreb's Toxic Radiance  Pois           8%         N/A       75%         4
 Plasma Beam              Fire/Air       8%         2x1d19    99%         6
 Ozocubu's Refrigeration  Ice            12%        4d10      100%        7
 Spellforged Servitor     Conj/Summ      14%        N/A       100%        7
 Summon Hydra             Summ           4%         N/A       100%        7
 Lehudib's Crystal Spear  Conj/Erth      18%        10d5      100%        8
 Animate Armour           Summ/Erth      Unusable   N/A       N/A         4

Dungeon Overview and Level Annotations

Branches:
Dungeon (12/15)            Temple (1/1) D:7            Lair (5/5) D:11
 Shoals (0/4) Lair:3        Snake (0/4) Lair:2          Orc (0/2) D:11
  IceCv (visited)
  Slime: Lair:4-5

Altars:
Ashenzari
Cheibriados
Dithmenos
Elyvilon
Fedhas
Gozag
Hepliaklqana
Kikubaaqudgha
Makhleb
Nemelex Xobeh
Okawaru
Qazlal
Ru
Sif Muna
Trog
Uskayaw
Vehumet
Wu Jian
Xom
Yredelemnul
Zin
The Shining One

Shops:
D:9 *

Annotations:
D:4 exclusion: downstairs
D:5 exclusion: downstairs
D:7 exclusion: acid dragon
D:11 1 runed translucent door, hitsuchi's ghost, journeyman AtBe


Innate Abilities, Weirdness & Mutations

You cannot wear most types of armour.
You are amphibious.
You can wear up to eight rings at the same time.
Your skin changes colour to match your surroundings (Stealth+).
Your rubbery body absorbs attacks. (AC +1, EV +1)
((You are camouflaged when in or above water. (Stealth+)))
You have tentacles for arms and can constrict up to eight enemies at once.
You are partially covered in iridescent scales. (AC +2)
You are clumsy. (Dex -2)


Message History

The death yak is moderately wounded.
The death yak is blasted with magical radiation!!
The death yak is almost dead.
You are lightly contaminated with residual magic.
The death yak gores you!!
* * * LOW HITPOINT WARNING * * *
The death yak gores you!
* * * LOW HITPOINT WARNING * * *
The death yak misses you.
Casting: Irradiate (dangerous; 3% risk of failure)
Confirm with . or Enter, or press ? or * to list all spells.
You erupt in a fountain of uncontrolled magic!
The death yak is blasted with magical radiation!!
The death yak is severely wounded.
The death yak is blasted with magical radiation!
The death yak is moderately wounded.
The death yak twists and deforms.
The death yak is blasted with magical radiation!!!
You kill the death yak!
Sif Muna accepts your kill. The death yak barely misses you.
The death yak gores you!
* * * LOW HITPOINT WARNING * * *
Your Ice Magic skill increases to level 5!
Casting: Irradiate (dangerous; 3% risk of failure)
Confirm with . or Enter, or press ? or * to list all spells.
You erupt in a fountain of uncontrolled magic!
The death yak is blasted with magical radiation!!
You kill the death yak!
Sif Muna accepts your kill.
The death yak is blasted with magical radiation!!
The death yak is severely wounded.
The death yak twists and deforms.
You are contaminated with residual magic.
You block the death yak's attack.
Your lightning rod (4/4) has regained one charge.
Your Shields skill increases to level 6!
Casting: Irradiate (dangerous; 3% risk of failure)
Confirm with . or Enter, or press ? or * to list all spells.
You miscast Irradiate.
Nothing appears to happen.
The death yak gores you!
You die...

......##..# ##.###..P##
.#......#####..####...##
##.##................#.# ..
##.......##...........###
...###.....#...............#
..+.......................P#
...........##........P.....#
..####.###.#†....#PP..##.## ###
###.@.########...# #######Y†[#
### #...# ###..#.##.###
#.####..P# #..........#
#...##...## . ...Y.+....###..##
#..###....# .Y.Y.
##...###.†..###..# #....# ...
#....# ##..###...####.### ....
###..#####....##.###.....#
?(...#.....#.##...###........##


You could see a death yak (misshapen).

Vanquished Creatures
  A reaper (IceCv)
  Erica (Lair:2)
  A hydra (Lair:3)
  2 two-headed ogres (D:9)
  5 death yaks
  A tengu warrior (D:11)
  Sonja (D:11)
  Pikel (D:8)
  A cyclops (D:11)
  A merfolk siren (Lair:3)
  Joseph (D:10)
  A gargoyle (D:10)
  An ice statue (IceCv)
  4 black mambas
  2 torpor snails
  An unseen horror (D:12)
  A rime drake (Lair:3)
  Maggie (D:10)
  5 komodo dragons
  12 cane toads
  Psyche (D:8)
  3 ice devils
  2 anaconda simulacra (IceCv)
  A troll (D:11)
  A hornet (D:9)
  3 polar bears
  4 dream sheep (Lair:3)
  20 blink frogs
  A slime creature (D:11)
  2 dire elephant simulacra (IceCv)
  A shadow (D:11)
  2 wraiths
  4 wyverns
  38 yaks
  Grum (D:8)
  3 death yak simulacra (IceCv)
  3 basilisks
  3 harpy simulacra (IceCv)
  A naga (Lair:2)
  3 vampire mosquitoes (D:11)
  A hydra simulacrum (IceCv)
  2 acid dragons
  12 water moccasins
  2 ice beasts (D:5)
  5 orc warriors
  A black bear (D:6)
  3 ogres
  9 wolves
  3 centaurs
  3 lemures (D:7)
  A kobold brigand (D:8)
  3 two-headed ogre simulacra (IceCv)
  8 bullfrogs
  A gnoll sergeant (D:7)
  7 scorpions
  12 wights
  3 elephant simulacra (IceCv)
  9 killer bees
  8 howler monkeys
  2 electric eels (Lair:3)
  5 jellies
  7 orc priests
  Jessica (D:3)
  3 sleepcaps
  Ijyb (D:5)
  4 iguanas
  8 orc wizards
  A polar bear simulacrum (IceCv)
  6 troll simulacra (IceCv)
  6 spriggan simulacra (IceCv)
  2 wolf simulacra (IceCv)
  15 gnolls
  5 naga simulacra (IceCv)
  8 adders
  2 shadow imps (D:6)
  7 white imps
  7 ufetubi (IceCv)
  2 worms
  2 dart slugs (D:1)
  47 orcs
  5 ball pythons
  12 endoplasms
  3 giant cockroaches
  10 goblins
  4 hobgoblins
  17 jackals
  2 quokkas
  2 bats
  3 frilled lizards
  8 kobolds
  10 rats
  A spectral orc (D:5)
452 creatures vanquished.

Vanquished Creatures (others)
  An iguana (D:5)
1 creature vanquished.

Grand Total: 453 creatures vanquished

Notes
Turn   | Place    | Note
-------+----------+-------------------------------------------
     0 | D:5      | GordonOverkill the Octopode Delver began the quest for the
                  | Orb.
     0 | D:5      | Reached XP level 1. HP: 16/16 MP: 1/1
    32 | D:5      | Noticed a sleepcap
    69 | D:6      | Noticed an iguana
    69 | D:6      | Noticed an ogre
    85 | D:5      | Noticed a scorpion
    85 | D:5      | Noticed a wyvern
   117 | D:6      | Noticed an iguana
   145 | D:6      | Noticed a black bear
   222 | D:6      | Noticed a scorpion
   256 | D:6      | Noticed a jelly
   292 | D:7      | Noticed an orc wizard
   313 | D:7      | Killed an orc wizard
   314 | D:7      | Reached XP level 2. HP: 8/21 MP: 2/2
   314 | D:7      | Reached XP level 3. HP: 10/26 MP: 3/3
   410 | D:8      | Noticed Pikel
   410 | D:8      | Noticed a lemure
   410 | D:8      | Noticed a lemure
   428 | D:7      | Found a staircase to the Ecumenical Temple.
   438 | Temple   | Entered the Ecumenical Temple
   465 | Temple   | Became a worshipper of Sif Muna the Loreminder
   601 | D:7      | Noticed an acid dragon
   709 | D:5      | Noticed an ice beast
   865 | D:5      | Noticed a scorpion
  1042 | D:3      | Reached XP level 4. HP: 31/31 MP: 4/4
  1182 | D:1      | Found a faded altar of an unknown god.
  1278 | D:1      | Reached * piety under Sif Muna
  1638 | D:1      | Reached ** piety under Sif Muna
  1639 | D:1      | Reached XP level 5. HP: 25/36 MP: 5/5
  2713 | D:3      | Noticed Jessica
  2724 | D:3      | Killed Jessica
  2725 | D:3      | Reached skill level 1 in Fire Magic
  2725 | D:3      | Reached skill level 1 in Air Magic
  3476 | D:4      | Noticed an ogre
  3491 | D:4      | Killed an ogre
  3492 | D:4      | Reached skill level 1 in Spellcasting
  3492 | D:4      | Reached XP level 6. HP: 42/42 MP: 7/7
  3576 | D:4      | Reached skill level 1 in Throwing
  3835 | D:4      | Reached skill level 5 in Evocations
  4363 | D:5      | Noticed Ijyb
  4551 | D:5      | Reached XP level 7. HP: 36/46 MP: 9/9
  4771 | D:5      | Reached skill level 1 in Conjurations
  4771 | D:5      | Reached skill level 1 in Earth Magic
  4904 | D:5      | Reached *** piety under Sif Muna
  4961 | D:5      | Killed Ijyb
  5264 | D:5      | Reached XP level 8. HP: 44/52 MP: 12/12
  5313 | D:5      | Found a basalt altar of Yredelemnul.
  5350 | D:5      | Reached skill level 2 in Conjurations
  5441 | D:5      | Killed a wyvern
  5567 | D:5      | Found an opulent altar of Gozag.
  5594 | D:5      | Found a glowing silver altar of Zin.
  5873 | D:5      | Learned a level 3 spell: Stone Arrow
  5913 | D:6      | Reached skill level 3 in Conjurations
  6684 | D:6      | Reached skill level 5 in Spellcasting
  7318 | D:7      | Reached skill level 4 in Conjurations
  7318 | D:7      | Reached XP level 9. HP: 56/56 MP: 16/16
  8567 | D:7      | Reached **** piety under Sif Muna
  8683 | D:7      | Reached skill level 5 in Conjurations
  8683 | D:7      | Reached skill level 5 in Earth Magic
  8926 | D:8      | Noticed Psyche
  8940 | D:8      | Killed Psyche
  9798 | D:8      | Noticed Grum
  9813 | D:8      | Killed Grum
  9814 | D:8      | Reached skill level 5 in Fighting
  9977 | D:8      | Killed Pikel
  9978 | D:8      | Reached XP level 10. HP: 49/66 MP: 12/20
 10952 | D:8      | Found an iron altar of Okawaru.
 10952 | D:8      | Found a hazy altar of Hepliaklqana.
 10952 | D:8      | Found a hide-covered altar of Uskayaw.
 11509 | D:8      | Found an ornate altar of the Wu Jian Council.
 11509 | D:8      | Found a radiant altar of Vehumet.
 11509 | D:8      | Found a shadowy altar of Dithmenos.
 11511 | D:8      | Found a sparkling altar of Nemelex Xobeh.
 11511 | D:8      | Found a glowing golden altar of the Shining One.
 11511 | D:8      | Found a white marble altar of Elyvilon.
 11663 | D:9      | Noticed a two-headed ogre
 11669 | D:9      | Reached skill level 6 in Conjurations
 11777 | D:9      | Noticed a two-headed ogre
 11788 | D:9      | Killed a two-headed ogre
 12107 | D:9      | Reached skill level 7 in Conjurations
 12335 | D:9      | Found Jypla's Fire Supplies.
 12370 | D:9      | Reached skill level 5 in Transmutations
 13076 | D:9      | Killed a two-headed ogre
 13077 | D:9      | Reached XP level 11. HP: 71/71 MP: 11/21
 13504 | D:9      | Bought a ring of protection from fire for 250 gold pieces
 13528 | D:10     | Entered Level 10 of the Dungeon
 13534 | D:10     | Noticed Joseph
 13843 | D:9      | Reached skill level 8 in Conjurations
 13911 | D:9      | HP: 3/71 [poisoned by a killer bee]
 14301 | D:10     | Learned a level 5 spell: Irradiate
 14978 | D:10     | Killed Joseph
 15183 | D:10     | Noticed Maggie
 15187 | D:10     | Killed Maggie
 15384 | D:10     | Found a blossoming altar of Fedhas.
 15669 | D:10     | Reached skill level 9 in Conjurations
 16078 | D:11     | Found a runed translucent door.
 16078 | D:11     | Noticed hitsuchi's ghost (journeyman AtBe)
 16198 | D:11     | Found a staircase to the Lair.
 16260 | D:11     | Noticed a cyclops
 16710 | D:11     | Noticed Sonja
 16715 | D:11     | Killed a cyclops
 16716 | D:11     | Reached skill level 10 in Conjurations
 16718 | D:11     | Noticed a tengu warrior
 16798 | D:11     | Killed Sonja
 16814 | D:11     | Killed a tengu warrior
 16823 | D:11     | Gained mutation: You are partially covered in iridescent
                  | scales. (AC +2) [mutagenic glow]
 17763 | D:11     | Found a staircase to the Orcish Mines.
 17797 | D:11     | Reached ***** piety under Sif Muna
 18318 | D:12     | Noticed a boulder beetle
 18432 | Lair:1   | Entered Level 1 of the Lair of Beasts
 18705 | Lair:1   | Received a gift from Sif Muna
 18706 | Lair:1   | Reached XP level 12. HP: 79/79 MP: 9/23
 20991 | Lair:2   | Identified the +0 tower shield "Yxosorop" {+Blink rF+ Will+
                  | MP-9}
 21009 | Lair:2   | Reached skill level 11 in Conjurations
 21027 | Lair:1   | Gained mutation: You are clumsy. (Dex -2) [mutagenic glow]
 21199 | Lair:2   | Noticed Erica
 21560 | Lair:2   | Killed Erica
 21669 | Lair:2   | Reached skill level 10 in Transmutations
 21959 | Lair:2   | Found a staircase to the Snake Pit.
 22729 | Lair:2   | Learned a level 2 spell: Passwall
 22731 | Lair:2   | Learned a level 1 spell: Apportation
 22737 | Lair:2   | Learned a level 5 spell: Iskenderun's Battlesphere
 23120 | Lair:3   | Reached XP level 13. HP: 85/86 MP: 15/26
 23439 | Lair:3   | Reached skill level 12 in Conjurations
 23440 | Lair:3   | Reached skill level 10 in Spellcasting
 24386 | Lair:3   | Found a staircase to the Shoals.
 24734 | Lair:4   | Identified the +2 trident "Utiemmim" {protect, Fly Str-3
                  | Stlth+}
 24902 | Lair:4   | Found a frozen archway.
 24916 | IceCv    | Entered an ice cave
 25231 | IceCv    | Received a gift from Sif Muna
 25470 | IceCv    | HP: 2/87 [death yak simulacrum (34)]
 27250 | IceCv    | Noticed a reaper
 27515 | IceCv    | Reached skill level 1 in Shields
 27606 | IceCv    | Killed a reaper
 27818 | IceCv    | Got the Incunable of Cryomancy
 28369 | Lair:4   | Reached skill level 1 in Ice Magic
 28946 | Lair:5   | Entered Level 5 of the Lair of Beasts
 29738 | Lair:4   | Received a gift from Sif Muna
 29803 | Lair:4   | Got Sif Muna's Quarto of Vexing Hoarfrost {god gift}
 29810 | Lair:4   | Learned a level 5 spell: Freezing Cloud
 29990 | Lair:5   | HP: 4/88 [yak (10)]
 29995 | Lair:4   | Reached skill level 5 in Shields
 30349 | Lair:5   | Reached XP level 14. HP: 93/93 MP: 16/28
 30886 | Lair:5   | Reached skill level 5 in Ice Magic
 30887 | Lair:5   | Slain by a death yak

Illustrated notes

Levels and vault maps discovered:
D:1:      psy_arrival_radial02, layout_basic, shapermc_ecumenical_altar_gd,
          minmay_misc_feat_ornament
D:2:      layout_basic
D:3:      layout_loops_cross, amcnicky_mini_corridor_feature, dk_noncrumbling_4,
          minmay_misc_feat_four_crosses, uniq_jessica
D:4:      layout_loops_ring, kennysheep_small_spiral
D:5:      layout_rooms, pdpol_temple_overflow_zin_treasury_gozag_greed,
          yredelemnul_forgotten_temple_becter, uniq_ijyb
D:6:      layout_loops_ring, amcnicky_mini_pool_medium
D:7:      layout_gridville, minmay_temple_entry_slanted
D:8:      layout_cave_pools, nicolae_overflows_in_rows, enter_bailey_5,
          uniq_pikel, uniq_grum, uniq_psyche
D:9:      layout_big_octagon, serial_park, serial_park_square1
          [serial_park_minivault_5x5_5], serial_park_tiny_1, serial_park_tiny_1,
          serial_park_square2, serial_park_avenue1, nicolae_shop_fire_sale
          [nicolae_sub_dead_trees]
D:10:     layout_layer_cave, general_overflow_altar, uniq_maggie, uniq_joseph
D:11:     layout_loops_cross, lair_entry_dummy, hiddenorc1_lemuel,
          hellmonk_ghost_happy_afterlife, uniq_sonja
D:12:     layout_irregular_city, serial_bayou_lagoon_a, chequers_avenue,
          grunt_ministairs_6, uniq_snorg, uniq_azrael, uniq_fannar
Temple:   jpeg_temple_island
Lair:1:   layout_cave_shapes, chequers_serial_rivers_room_a, grunt_megastairs_2
Lair:2:   layout_misc_corridors, guppyfry_snake_entry_island, uniq_erica
Lair:3:   layout_chaotic_city, minmay_shoals_entry_lonely_mermaid,
          serial_bayou_ford_a
Lair:4:   layout_cave_pods, portal_ice_cave_demonic_guard
Lair:5:   evilmike_catoblepas_cave, layout_regular_city,
          nicolae_slime_entry_field_trip, infiniplex_staircase_pool_2,
          lemuel_fruit_fields, grunt_megastairs_4

Skill      XL: |  1  2  3  4  5  6  7  8  9 10 11 12 13 14 |
---------------+-------------------------------------------+-----
Evocations     | 2 3 4 5 |  5.6
Short Blades   | 3 |  3.0
Fire Magic     | 1 2 3 |  3.0
Air Magic      | 1 2 3 |  3.0
Spellcasting   | 1 3 5 7 9 10 | 10.4
Throwing       | 1 2 |  2.0
Conjurations   | 1 4 5 7 10 11 12 | 12.4
Earth Magic    | 1 4 5 |  5.0
Stealth        | 7 |  7.0
Fighting       | 5 6 7 |  7.9
Transmutations | 2 6 8 10 | 10.0
Shields        | 5 6 |  6.0
Ice Magic      | 4 5 |  5.2
Dodging        | |  2.0

Action                     |  1- 3 |  4- 6 |  7- 9 | 10-12 | 13-15 || total
---------------------------+-------+-------+-------+-------+-------++-------
  Melee: Dagger            |    18 |   142 |   126 |    92 |    18 ||   396
         Short sword       |     3 |       |       |       |       ||     3
         Constrict         |     3 |    34 |    30 |    20 |     1 ||    88
         Tentacles         |     2 |    32 |    34 |    28 |     6 ||   102
         Punch             |     1 |     3 |     1 |       |       ||     5
   Fire: Sling             |       |    29 |       |       |       ||    29
  Throw: Dart              |       |    25 |    36 |    30 |     4 ||    95
         Boomerang         |       |       |    67 |    11 |       ||    78
   Cast: Stone Arrow       |       |       |    44 |   247 |   172 ||   463
         Irradiate         |       |       |       |    62 |    21 ||    83
         Iskenderun's Batt |       |       |       |     2 |    50 ||    52
  Evoke: Wand              |     4 |       |    13 |     9 |     3 ||    29
         Lightning rod     |       |       |       |       |     4 ||     4
         Tin of tremorston |       |       |       |       |     2 ||     2
    Use: Scroll            |       |     4 |     5 |     9 |     4 ||    22
         Potion            |       |       |     1 |     4 |     4 ||     9
   Stab: Sleeping          |     6 |    18 |     5 |     2 |       ||    31
         Distracted        |       |     2 |     2 |       |       ||     4
         Invisible         |       |       |     3 |       |       ||     3
 Armour: Skin              |       |     7 |     5 |    35 |    19 ||    66
  Dodge: Dodged            |     3 |    66 |    76 |   163 |    47 ||   355
  Block: Buckler           |       |       |       |       |    21 ||    21

Table legend: (Time is in decaauts)
 A = Elapsed time spent in this place.
 B = Non-inter-level travel time spent in this place.
 C = Inter-level travel time spent in this place.
 D = Time resting spent in this place.
 E = Time spent auto-exploring this place.
 F = Levels seen in this place.
 G = Mean time per level.
                   A        B        C        D        E       F      G
               +--------+--------+--------+--------+--------+-----+--------+
         Total |  30906 |  29462 |   1444 |  15428 |   7324 |  19 | 1626.6 |
       Dungeon |  18383 |  17471 |    912 |   7911 |   5011 |  12 | 1531.9 |
        Temple |     53 |     28 |     25 |      0 |      0 |   1 |   53.0 |
          Lair |   9380 |   8873 |    507 |   5318 |   2246 |   5 | 1876.0 |
      Ice Cave |   3088 |   3088 |      0 |   2198 |     67 |   1 | 3088.0 |
               +--------+--------+--------+--------+--------+-----+--------+

Top non-repeatable levels by time:
   IceCv: 3088 daAuts
     D:7: 2927 daAuts
  Lair:1: 2572 daAuts
  Lair:4: 2531 daAuts
     D:9: 2414 daAuts
    D:11: 2309 daAuts
  Lair:2: 2035 daAuts
    D:10: 1855 daAuts
     D:8: 1836 daAuts
     D:5: 1667 daAuts
     D:6: 1659 daAuts
  Lair:3: 1457 daAuts
     D:4: 1366 daAuts
     D:3: 938 daAuts
     D:1: 827 daAuts
